 Dungeon Crawl Stone Soup version 0.17-a0-18-gc25b939 (webtiles) character file.

79702 JacquesDerrida the Impaler (level 15, 0/137 HPs)
             Began as a Merfolk Summoner on Mar 7, 2015.
             Was the Champion of Ashenzari.
             Killed from afar by a deep elf conjurer (21 damage)
             ... with a bolt of negative energy
             ... on level 1 of the Elven Halls.
             The game lasted 01:48:02 (12364 turns).

JacquesDerrida the Impaler (Merfolk Summoner)      Turns: 12364, Time: 01:48:03

Health: 0/137      AC:  8    Str: 14      XL:     15   Next: 64%
Magic:  13/36      EV: 26    Int: 16 (17) God:    Ashenzari [******]
Gold:   137        SH:  0    Dex: 20 (21) Spells: 4 memorised, 11 levels left

rFire  + . .     SeeInvis +     e - +9 bardiche (flame) (curse)
rCold  + . .     Clarity  +     u - +0 robe of Tekiungi {rF+ MP+9 Str+4 Dex+4} (curse)
rNeg   . . .     SustAb   .     (no shield)
rPois  .         Gourm    .     N - +2 hat {MR+} (curse)
rElec  +         Spirit   .     d - +0 cloak (curse)
rCorr  .         Warding  .     a - +0 pair of gloves (curse)
rMut   .         Stasis   .     l - +0 pair of boots (curse)
MR     +++..                    j - amulet of regeneration (curse)
Stlth  ++++......               Q - ring of stealth
                                D - ring "Dank" {rElec rC+ MR+} (curse)

@: very slightly contaminated, heavily drained, extremely resistant to hostile
enchantments, stealthy
A: change form in water, swift swim, breathe flames 1, robust 1, shaggy fur 1
a: Scrying, Transfer Knowledge, Renounce Religion, Breathe Fire


You were on level 1 of the Elven Halls.
You worshipped Ashenzari.
Ashenzari was exalted by your worship.
You were hungry.

You visited 5 branches of the dungeon, and saw 26 of its levels.
You also visited: Sewer and Ossuary.

You collected 1929 gold pieces.
You spent 1792 gold pieces at shops.

Inventory:

Hand weapons
 e - a cursed +9 bardiche of flaming (weapon)
Missiles
 b - 8 curare-tipped needles
 H - 2 throwing nets (quivered)
Armour
 a - a cursed +0 pair of gloves (worn)
 d - a cursed +0 cloak (worn)
 l - a cursed +0 pair of boots (worn)
 u - the cursed +0 robe of Tekiungi (worn) {rF+ MP+9 Str+4 Dex+4}
   (You bought it in a shop on level 4 of the Orcish Mines)

   It affects your strength (+4).
   It affects your dexterity (+4).
   It protects you from fire.
   It affects your magic capacity (+9).
   It has a curse placed upon it.
 N - a cursed +2 hat of magic resistance (worn)
Jewellery
 j - a cursed amulet of regeneration (around neck)
 k - an uncursed ring of ice
 z - a cursed ring of teleportation
 D - the cursed ring "Dank" (left hand) {rElec rC+ MR+}
   (You found it on level 7 of the Dungeon)

   [ring of protection from magic]

   It protects you from cold.
   It insulates you from electricity.
   It affects your resistance to hostile enchantments.
   It has a curse placed upon it.
 Q - a ring of stealth (right hand)
 Z - an uncursed amulet of the gourmand
Magical devices
 i - a wand of fire (0)
 S - a wand of digging (7)
 Y - a wand of draining (6)
Scrolls
 g - a scroll of fog
 n - 2 scrolls of magic mapping
 q - a scroll of identify
 s - 2 scrolls of fear
 y - 5 scrolls of remove curse
 C - 2 scrolls of immolation
 E - a scroll of curse armour
 F - 5 scrolls of curse jewellery
 O - a scroll of blinking
Potions
 f - 4 potions of agility
 m - 5 potions of haste
 t - 8 potions of curing
 v - 2 potions of might
 w - 3 potions of invisibility
 x - 3 potions of heal wounds
 A - 2 potions of magic
 B - 2 potions of cancellation
 M - 2 potions of resistance
 W - a potion of berserk rage
Miscellaneous
 I - a box of beasts {used: 3}
Comestibles
 c - 11 bread rations
 h - 6 chunks of flesh
 o - a fruit
 p - 4 meat rations


   Skills:
 + Level 13.8(11.4) Fighting
 + Level 20.7(22.2) Polearms
 + Level 14.1(15.4) Dodging
 - Level 2.1(3.5) Stealth
 - Level 5.0(3.0) Spellcasting
 - Level 9.0(9.5) Summonings
 - Level 4.9(5.7) Ice Magic
 - Level 4.1(4.9) Air Magic


You had 11 spell levels left.
You knew the following spells:

 Your Spells              Type           Power        Failure   Level  Hunger
a - Summon Ice Beast      Ice/Summ       ####....     12%         4    #####..
b - Call Imp              Summ           ####....     1%          2    ##.....
c - Call Canine Familiar  Summ           ####....     1%          3    ###....
d - Summon Lightning Spi  Summ/Air       ####....     12%         4    #####..


Dungeon Overview and Level Annotations

Branches:
Dungeon (12/15)            Temple (1/1) D:6            Lair (8/8) D:11
 Spider (0/5) Lair:3        Slime (0/6) Lair:6          Orc (4/4) D:9
    Elf (1/3) Orc:4
  Swamp: Lair:3-6    Shoals: Lair:3-6

Altars:
Ashenzari
Cheibriados
Dithmenos
Elyvilon
Fedhas
Gozag
Kikubaaqudgha
Makhleb
Nemelex Xobeh
Okawaru
Qazlal
Ru
Sif Muna
Trog
Vehumet
Xom
Yredelemnul
Zin
The Shining One
Jiyva

Shops:
D:11 (   Orc:4 }![[*

Annotations:
D:9 Joseph
D:10 Nergalle


Innate Abilities, Weirdness & Mutations

You revert to your normal form in water.
You are very nimble and swift while swimming.
You can breathe flames.
You are robust (+10% HP).
You are covered in fur (AC +1).


Message History

The deep elf knight hits you with a scimitar.
* * * LOW HITPOINT WARNING * * *
Casting: Summon Ice Beast
Confirm with . or Enter, or press ? or * to list all spells.
A chill wind blows around you.
The deep elf knight blocks your ice beast's attack.
Your ice beast closely misses the deep elf knight.
The deep elf knight hits you with a scimitar!!
* * * LOW HITPOINT WARNING * * *
You swap places.
Your ice beast barely misses the deep elf knight. x2
The deep elf conjurer points at you and mumbles some strange words.
The bolt of negative energy hits your ice beast.
Your ice beast is drained!
Your ice beast dies!
The bolt of negative energy hits your ice beast.
Your ice beast is drained!
Your ice beast dies!
The bolt of negative energy hits you!
You feel drained.
You die...

# * ####..#'#####.###
,#..).h#####......###
#'..... ##.#.....#
#......,* ##'.....##
......, * #.......#
,..... , ##.)e....##
, .... #.)Y).....# *
,, ,., ##)e.....## ,
,* #).@....# **,,, ,*
##).....## *' *
##)#....(# '*
##.####'### ,* ,,
*##.## #.# ,,{ #.##
#.# ** ,{♣{..e## #(#
* .{{§§..* #)#* *
♣e8.♣r{* ,∆{..


You could see a deep elf knight, a deep elf conjurer and a friendly ice beast.

Vanquished Creatures
  Fannar (Orc:2)
  Erica (D:11)
  4 death yaks
  2 orc high priests
  4 deep elf knights (Elf:1)
  Erolcha (D:9)
  4 deep elf summoners (Elf:1)
  A hill giant (D:11)
  6 orc knights
  A deep elf conjurer (Elf:1)
  2 griffons
  4 orc sorcerers
  2 black mambas
  3 elephants (Lair:8)
  3 manticores
  An orange demon (Elf:1)
  A torpor snail (Lair:3)
  A centaur skeleton (D:12)
  8 spiny frogs
  6 komodo dragons
  2 demonic crawlers (Elf:1)
  4 fire drakes
  2 deep elf priests (Elf:1)
  A polar bear (Lair:5)
  3 trolls
  A jumping spider (Elf:1)
  A giant leech (Lair:3)
  8 blink frogs
  A boulder beetle (Lair:8)
  A slime creature (D:11)
  8 deep elf magi (Elf:1)
  A shadow (D:11)
  A ynoxinul (Orc:4)
  7 deep elf fighters (Elf:1)
  7 hippogriffs
  38 yaks
  5 wolves
  A wyvern (Lair:8)
  2 wargs
  A hungry ghost (D:10)
  8 water moccasins
  6 porcupines
  5 spiders (Lair:3)
  A phantom (D:4)
  22 orc warriors
  9 ogres
  3 ice beasts
  A sky beast (D:10)
  A wasp (D:10)
  9 crocodiles
  A boring beetle (Lair:6)
  3 centaurs
  A brain worm (Lair:4)
  8 giant frogs
  3 scorpions
  6 killer bees
  A yak skeleton (Orc:4)
  An electric eel (Lair:5)
  A crimson imp (D:10)
  A giant frog skeleton (D:8)
  3 jellies (D:11)
  A giant frog zombie (D:8)
  2 goliath beetles (D:7)
  22 orc priests
  9 hounds
  20 orc wizards
  5 worker ants
  5 iguanas
  A merfolk avatar (Sewer)
  4 sheep
  5 mummies
  2 worker ant zombies
  23 river rats
  2 shadow imps (D:11)
  15 adders
  A giant mite (Sewer)
  A worm (D:4)
  An ufetubus (Orc:4)
  3 adder zombies (Ossuary)
  An adder skeleton (D:9)
  2 giant geckos
  An ooze (D:4)
  85 orcs
  2 giant cockroaches
  12 hobgoblins
  4 jackals
  4 ball pythons
  12 bats
  A giant gecko zombie (D:5)
  3 giant newts
  14 goblins
  A goblin zombie (Ossuary)
  A hobgoblin zombie (D:6)
  6 kobolds
  A kobold zombie (Ossuary)
  6 orc zombies
  12 quokkas
  4 quokka zombies (Ossuary)
  28 rats
  3 rat skeletons (Orc:4)
570 creatures vanquished.

Vanquished Creatures (collateral kills)
  Gastronok (D:9)
  5 hydras
  2 death yaks (Lair:6)
  2 orc high priests (Orc:4)
  A deep elf conjurer (Elf:1)
  A sixfirhy (Orc:4)
  5 orange demons (Elf:1)
  4 black mambas
  A spiny frog (Lair:4)
  2 komodo dragons
  2 giant leeches (Lair:3)
  Sonja (Elf:1)
  A troll (D:10)
  2 blink frogs (Lair:5)
  2 slime creatures (D:11)
  5 hippogriffs
  A redback (Elf:1)
  3 basilisks
  2 deep elf magi (Elf:1)
  2 deep elf fighters (Elf:1)
  18 yaks
  A wyvern (D:10)
  2 soldier ants (D:11)
  3 orc warriors
  2 water moccasins
  A black bear (Lair:1)
  3 ogres
  An eye of draining (D:11)
  A centaur (D:9)
  A sky beast (D:10)
  2 crocodiles
  Sigmund (D:2)
  2 elf zombies (Ossuary)
  4 giant frogs
  2 scorpions
  3 killer bees (D:8)
  A hound (Lair:4)
  A goliath beetle (D:9)
  A yak skeleton (Orc:4)
  3 centaur zombies (Ossuary)
  A giant frog zombie (D:6)
  3 centaur skeletons
  2 jellies (D:11)
  5 orc priests
  A quasit (D:11)
  2 iguanas
  7 orc wizards
  6 sheep
  A siren (Sewer)
  2 hell rats (Elf:1)
  A worker ant (D:8)
  An ogre zombie (Ossuary)
  A hound skeleton (D:6)
  3 mummies (Ossuary)
  14 river rats
  10 adders
  A giant mite (D:4)
  An ufetubus (Orc:4)
  2 orc zombies (Orc:4)
  2 giant geckos
  2 oozes
  43 orcs
  A ball python (D:1)
  2 giant cockroaches
  7 goblins
  8 hobgoblins
  2 jackals (D:5)
  2 quokkas
  3 bats
  5 giant newts (Sewer)
  A hobgoblin zombie (Ossuary)
  4 kobolds
  A kobold zombie (D:6)
  10 rats
  4 rat skeletons (Orc:4)
  A plant (Lair:8)
260 creatures vanquished.

Vanquished Creatures (others)
  A wolf (Elf:1)
  90 ice beasts
  23 hounds
  An orc wizard (Orc:4)
  6 lightning spires (Elf:1)
  9 drowned souls (Sewer)
  A river rat (Lair:6)
  A shadow imp (Orc:2)
  An orc (Orc:4)
  3 chimeras (D:11)
  A quokka (D:1)
  A bat (D:1)
  2 rats (D:1)
  4 rat skeletons (Orc:4)
  A fungus (Lair:8)
145 creatures vanquished.

Grand Total: 975 creatures vanquished

Notes
Turn   | Place    | Note
--------------------------------------------------------------
     0 | D:1      | JacquesDerrida, the Merfolk Summoner, began the quest for the Orb.
     0 | D:1      | Reached XP level 1. HP: 13/13 MP: 3/3
   107 | D:1      | Reached XP level 2. HP: 8/19 MP: 1/4
   111 | D:1      | Learned a level 2 spell: Call Imp
   433 | D:2      | Found a white marble altar of Elyvilon.
   500 | D:2      | Reached XP level 3. HP: 24/24 MP: 6/6
   505 | D:2      | Learned a level 3 spell: Call Canine Familiar
   600 | D:2      | Reached skill level 5 in Summonings
   726 | D:2      | Noticed Sigmund
   785 | D:2      | Killed Sigmund
   785 | D:2      | Reached XP level 4. HP: 30/30 MP: 2/7
   893 | D:2      | Reached skill level 6 in Summonings
   939 | D:3      | Reached XP level 5. HP: 35/35 MP: 5/9
  1134 | D:3      | Found a snail-covered altar of Cheibriados.
  1187 | D:3      | Gained mutation: You are robust (+10% HP). [potion of beneficial mutation]
  1332 | D:3      | Found a glowing drain.
  1337 | Sewer    | Entered a sewer
  1579 | Sewer    | Reached skill level 1 in Polearms
  1607 | Sewer    | Reached XP level 6. HP: 39/45 MP: 4/10
  1637 | Sewer    | Noticed a drowned soul
  1637 | Sewer    | Noticed a drowned soul
  1639 | Sewer    | Noticed a drowned soul
  1641 | Sewer    | Noticed a drowned soul
  1641 | Sewer    | Killed a drowned soul
  1641 | Sewer    | Killed a drowned soul
  1641 | Sewer    | Killed a drowned soul
  1642 | Sewer    | Killed a drowned soul
  1643 | Sewer    | Noticed a drowned soul
  1644 | Sewer    | Noticed a drowned soul
  1646 | Sewer    | Noticed a drowned soul
  1647 | Sewer    | Noticed a drowned soul
  1649 | Sewer    | Noticed a drowned soul
  1649 | Sewer    | Killed a drowned soul
  1649 | Sewer    | Killed a drowned soul
  1649 | Sewer    | Killed a drowned soul
  1651 | Sewer    | Noticed a drowned soul
  1651 | Sewer    | Killed a drowned soul
  1652 | Sewer    | Noticed a drowned soul
  1652 | Sewer    | Killed a drowned soul
  1653 | Sewer    | Noticed a drowned soul
  1704 | Sewer    | Gained mutation: You can breathe flames. [potion of beneficial mutation]
  1824 | D:4      | Got a dazzling trident
  1825 | D:4      | Identified the +4 trident "Kaall" {pierce, rN+} (You found it on level 4 of the Dungeon)
  1889 | D:4      | Reached skill level 7 in Summonings
  2051 | D:4      | Found a burning altar of Makhleb.
  2051 | D:4      | Found an ancient bone altar of Kikubaaqudgha.
  2051 | D:4      | Found a stormy altar of Qazlal.
  2090 | D:4      | Found a bloodstained altar of Trog.
  2180 | D:4      | Reached XP level 7. HP: 42/50 MP: 13/13
  2199 | D:4      | Learned a level 4 spell: Summon Ice Beast
  2274 | D:5      | Entered Level 5 of the Dungeon
  2319 | D:5      | Reached skill level 5 in Polearms
  2319 | D:5      | Reached skill level 1 in Ice Magic
  2358 | D:5      | Found a sand-covered staircase.
  2383 | Ossuary  | Entered an ossuary
  2610 | Ossuary  | Reached XP level 8. HP: 50/57 MP: 8/14
  3178 | D:6      | Got an ancient chain mail
  3181 | D:6      | Identified the +1 chain mail "Job Usch" {-Cast Dex+5} (You found it on level 6 of the Dungeon)
  3377 | D:6      | Reached skill level 8 in Polearms
  3828 | D:6      | Found a staircase to the Ecumenical Temple.
  3837 | Temple   | Entered the Ecumenical Temple
  3878 | Temple   | Became a worshipper of Ashenzari the Shackled
  4233 | D:7      | Identified the ring "Dank" {rElec rC+ MR+}
  4299 | D:7      | Found a glowing golden altar of the Shining One.
  4311 | D:7      | Reached skill level 9 in Polearms
  4476 | D:8      | Reached skill level 5 in Dodging
  4476 | D:8      | Reached XP level 9. HP: 44/62 MP: 2/16
  4572 | D:7      | Reached skill level 10 in Polearms
  4742 | D:9      | Identified a scroll of acquirement
  4743 | D:9      | Identified the cursed +10 quick blade of Innocence {antimagic, rPois MP+9} (You acquired it on level 9 of the Dungeon)
  4784 | D:9      | Noticed Erolcha
  4820 | D:9      | Found a staircase to the Orcish Mines.
  4903 | D:9      | Noticed Gastronok
  4939 | D:9      | Killed Gastronok
  4939 | D:9      | Reached skill level 11 in Polearms
  4994 | D:9      | Noticed Joseph
  5193 | D:9      | Killed Erolcha
  5193 | D:9      | Reached skill level 12 in Polearms
  5193 | D:9      | Reached XP level 10. HP: 69/69 MP: 2/18
  5318 | D:9      | Reached skill level 1 in Fighting
  5462 | D:10     | Entered Level 10 of the Dungeon
  5543 | D:10     | Reached skill level 10 in Dodging
  5664 | D:10     | Noticed Nergalle
  5830 | D:10     | Reached skill level 5 in Fighting
  5854 | D:10     | HP: 1/81 [yak (14)]
  5950 | D:10     | Reached XP level 11. HP: 65/89 MP: 5/18
  6154 | D:11     | Found a viscous altar of Jiyva.
  6365 | D:11     | Acquired Ashenzari's first power
  6486 | D:11     | Noticed a hill giant
  6601 | D:11     | Killed a hill giant
  6623 | D:11     | Found Neqil's Antique Weapon Shoppe.
  6665 | D:11     | Noticed Erica
  6693 | D:11     | Killed Erica
  6771 | D:11     | Reached skill level 13 in Dodging
  6850 | D:11     | Found a staircase to the Lair.
  6867 | Lair:1   | Entered Level 1 of the Lair of Beasts
  7610 | Lair:3   | Acquired Ashenzari's second power
  7692 | Lair:3   | Reached XP level 12. HP: 65/104 MP: 3/20
  8019 | Lair:4   | Acquired Ashenzari's third power
  8174 | Lair:4   | Noticed an eight-headed hydra
  8182 | Lair:4   | Killed an eight-headed hydra
  8182 | Lair:4   | Reached skill level 14 in Polearms
  8399 | Lair:5   | Reached skill level 10 in Fighting
  8585 | Lair:5   | Noticed a five-headed hydra
  8597 | Lair:5   | Killed a five-headed hydra
  8735 | Lair:6   | Reached skill level 5 in Spellcasting
  8791 | Lair:6   | Found a viscous altar of Jiyva.
  8792 | Lair:6   | Found a staircase to the Slime Pits.
  8852 | Lair:6   | Noticed a death yak
  8853 | Lair:6   | Noticed a death yak
  8853 | Lair:6   | Noticed a death yak
  8855 | Lair:6   | Noticed a death yak
  8898 | Lair:6   | Killed a death yak
  8972 | Lair:7   | Acquired Ashenzari's fourth power
  8994 | Lair:7   | Gained mutation: You are covered in fur (AC +1). [potion of beneficial mutation]
  9017 | Lair:7   | Reached skill level 15 in Polearms
  9197 | Lair:8   | Entered Level 8 of the Lair of Beasts
  9208 | Lair:8   | Noticed a five-headed hydra
  9218 | Lair:8   | Killed a five-headed hydra
  9232 | Lair:8   | Reached XP level 13. HP: 80/116 MP: 4/25
  9320 | Lair:8   | Reached skill level 16 in Polearms
  9609 | Lair:8   | Noticed a death yak
  9609 | Lair:8   | Noticed a death yak
  9616 | Lair:8   | Noticed an eight-headed hydra
  9626 | Lair:8   | Killed an eight-headed hydra
  9631 | Lair:8   | Killed a death yak
  9656 | Lair:8   | Killed a death yak
  9736 | Lair:8   | Reached skill level 17 in Polearms
 10059 | Lair:6   | Killed a death yak
 10068 | Lair:6   | Killed a death yak
 10075 | Lair:6   | Killed a death yak
 10092 | Lair:6   | Learned a level 4 spell: Summon Lightning Spire
 10173 | Lair:3   | Found a hole to the Spider Nest.
 10197 | Lair:3   | Reached skill level 1 in Air Magic
 10572 | Orc:1    | Entered Level 1 of the Orcish Mines
 10663 | Orc:1    | Reached skill level 18 in Polearms
 10845 | Orc:2    | Noticed Fannar
 10855 | Orc:2    | Killed Fannar
 10902 | Orc:2    | Reached XP level 14. HP: 129/129 MP: 23/26
 10976 | Orc:4    | Entered Level 4 of the Orcish Mines
 11472 | Orc:4    | Found Mapon's Antique Armour Shoppe.
 11481 | Orc:4    | Found a staircase to the Elven Halls.
 11485 | Orc:4    | Bought a crude ring mail for 279 gold pieces
 11485 | Orc:4    | Identified the +5 ring mail of Charity {-Tele rElec rF- Str+4 Int+5} (You bought it in a shop on level 4 of the Orcish Mines)
 11485 | Orc:4    | Bought a fine leather armour for 217 gold pieces
 11485 | Orc:4    | Identified the +2 leather armour of the Pits of Slime {rElec} (You bought it in a shop on level 4 of the Orcish Mines)
 11706 | Orc:4    | Found Kheciar's Gadget Boutique.
 11707 | Orc:4    | Found Baecowk's General Store.
 11708 | Orc:4    | Found Wesil's Distillery.
 11709 | Orc:4    | Found Zeehuema's Antique Armour Emporium.
 11717 | Orc:4    | Bought a potion of experience for 500 gold pieces
 11717 | Orc:4    | Reached skill level 20 in Polearms
 11717 | Orc:4    | Reached XP level 15. HP: 130/136 MP: 20/27
 11719 | Orc:4    | Bought a pair of gloves for 144 gold pieces
 11727 | Orc:4    | Bought a scroll of identify for 30 gold pieces
 11731 | Orc:4    | Bought a wizard robe for 182 gold pieces
 11731 | Orc:4    | Identified the +0 robe of Tekiungi {rF+ MP+9 Str+4 Dex+4} (You bought it in a shop on level 4 of the Orcish Mines)
 11746 | Orc:4    | Bought a potion of heal wounds for 50 gold pieces
 11746 | Orc:4    | Bought 2 potions of magic for 160 gold pieces
 11746 | Orc:4    | Bought a potion of heal wounds for 50 gold pieces
 11746 | Orc:4    | Bought a potion of degeneration for 10 gold pieces
 11746 | Orc:4    | Bought a potion of curing for 30 gold pieces
 11746 | Orc:4    | Bought a potion of resistance for 100 gold pieces
 11746 | Orc:4    | Bought a potion of agility for 40 gold pieces
 11789 | Elf:1    | Entered Level 1 of the Elven Halls
 11885 | Elf:1    | Noticed Sonja
 12350 | Elf:1    | Killed Sonja
 12364 | Elf:1    | Killed from afar by a deep elf conjurer

Action                   |  1- 3 |  4- 6 |  7- 9 | 10-12 | 13-15 || total
-------------------------+-------+-------+-------+-------+-------++-------
Melee: Unarmed           |     4 |       |       |       |       ||     4
       Dagger            |    30 |   122 |       |       |       ||   152
       Trident           |       |    59 |   359 |   782 |       ||  1200
       Bardiche          |       |       |       |    52 |   630 ||   682
 Cast: Summon Small Mamm |    18 |       |       |       |       ||    18
       Call Imp          |     4 |     6 |       |       |     2 ||    12
       Call Canine Famil |     4 |    19 |    25 |    11 |     2 ||    61
       Summon Ice Beast  |       |       |    19 |   107 |    83 ||   209
       Summon Lightning  |       |       |       |       |    17 ||    17
Invok: Scrying           |       |       |       |       |     2 ||     2
 Abil: Breathe Fire      |       |       |       |     1 |       ||     1
Evoke: Box of beasts     |       |       |       |     4 |       ||     4
       Wand              |       |       |       |       |     3 ||     3
  Use: Scroll            |       |     8 |    20 |    13 |    12 ||    53
       Potion            |       |     2 |     3 |     2 |     9 ||    16
 Stab: Sleeping          |     4 |     5 |    14 |    14 |    14 ||    51
       Distracted        |       |       |     6 |    10 |    19 ||    35
  Eat: Chunk             |       |     9 |    19 |    35 |    32 ||    95
       Royal jelly       |       |       |       |     1 |       ||     1
       Fruit             |       |       |       |     8 |       ||     8
       Beef jerky        |       |       |       |     1 |       ||     1
       Pizza             |       |       |       |       |     1 ||     1
